 Dungeon Crawl Stone Soup version 0.26-a0-651-gb41185065b (webtiles) character file.

Game seed: 2962547780819502449

22 Mesmaeker13 the Caller (level 2, -3/15 HPs)
             Began as a Deep Elf Summoner on Oct 2, 2020.
             Slain by a leopard gecko (5 damage)
             ... on level 1 of the Dungeon.
             The game lasted 00:01:14 (1030 turns).

Mesmaeker13 the Caller (Deep Elf Summoner)          Turns: 1030, Time: 00:01:14

Health: -3/15      AC:  3    Str:  5    XL:     2   Next: 68%
Magic:  8/8        EV: 13    Int: 19    God:
Gold:   27         SH:  0    Dex: 15    Spells: 7/8 levels left

rFire    . . .     SeeInvis .   f - +0 flail
rCold    . . .     Faith    .   (no shield)
rNeg     . . .     Spirit   .   a - +0 robe
rPois    .         Reflect  .   (no helmet)
rElec    .         Harm     .   c - +0 cloak
rCorr    .         Rampage  .   (no gloves)
MR       .....                  (no boots)
Stlth    ++........             (no amulet)
HPRegen  0.05/turn              (no ring)
MPRegen  0.11/turn              (no ring)

@: no status effects
A: no striking features
a: no special abilities


You were on level 1 of the Dungeon.
You visited 1 branch of the dungeon, and saw 1 of its levels.

You collected 27 gold pieces.

Inventory:

Hand Weapons
 f - a +0 flail (weapon)
Armour
 a - a +0 robe (worn)
 c - a +0 cloak (worn)
Jewellery
 d - an uncursed amulet of guardian spirit {unknown}
 i - an uncursed amulet of faith {unknown}
Scrolls
 e - a scroll of enchant weapon {unknown}
 g - a scroll of amnesia {unknown}
Potions
 b - 2 potions of heal wounds {unknown}
 h - a potion of berserk rage {unknown}


   Skills:
 + Level 3.0 Dodging
 - Level 2.4 Stealth
 + Level 3.6 Spellcasting
 + Level 4.7 Summonings


You had 7 spell levels left.
You knew the following spells:

 Your Spells              Type           Power        Failure   Level
a - Summon Small Mammal   Summ           ###.         1%          1

Your spell library contained the following spells:

 Spells                   Type           Power        Failure   Level
 Call Imp                 Summ           ###.....     3%          2
 Call Canine Familiar     Summ           ###.....     6%          3
 Summon Guardian Golem    Hex/Summ       ##......     16%         3
 Summon Ice Beast         Ice/Summ       ##......     47%         4
 Summon Lightning Spire   Summ/Air       ##......     47%         4


Dungeon Overview and Level Annotations

Branches:
Dungeon (1/15)

Altars:
Cheibriados


Message History

The leopard gecko bites you. The leopard gecko barely misses you.
You barely miss the leopard gecko.
The leopard gecko is severely wounded.
The leopard gecko bites you.
Your quokka closely misses the leopard gecko.
The leopard gecko bites you.
You are too injured to fight recklessly!
You are too injured to fight recklessly!
Your quokka closely misses the leopard gecko.
The leopard gecko misses you.
Your quokka barely misses the leopard gecko.
The leopard gecko bites you.
* * * LOW HITPOINT WARNING * * *
You barely miss the leopard gecko.
The leopard gecko is severely wounded.
Your quokka barely misses the leopard gecko.
The leopard gecko barely misses you.
Your quokka completely misses the leopard gecko.
The leopard gecko bites you.
You die...

#.....###.....#.#.........#####
#...............#..(..........#
#.....##.........(.......####.##
#............#..#..##..........#
####...............[..##.....#.#
# #.#.....#.#..##.#####.....# #
####.#.....#.#...#.# #......#.#
.....#.............####..#.....#
.##..#....#####.@........#..####
.##..........###l#.........##
.............# #r#.#####.###
.............# #.#.#####.#.#
...#####.....# #.......#.#.#
.###....#.######.......#...# .#
#).........##.......###ยง####
.###......######.......# #....#
.#......#.######.#.##### #.####


You could see a leopard gecko and a friendly quokka (summoned).

Vanquished Creatures
  A dart slug (D:1)
  3 goblins (D:1)
  3 hobgoblins (D:1)
  A ball python (D:1)
  3 bats (D:1)
  A frilled lizard (D:1)
12 creatures vanquished.

Vanquished Creatures (collateral kills)
  A gnoll (D:1)
  A bat (D:1)
  3 kobolds (D:1)
5 creatures vanquished.

Vanquished Creatures (others)
  A fungus (D:1)
1 creature vanquished.

Grand Total: 18 creatures vanquished

Notes
Turn   | Place    | Note
-------+----------+-------------------------------------------
     0 | D:1      | Mesmaeker13 the Deep Elf Summoner began the quest for the
                  | Orb.
     0 | D:1      | Reached XP level 1. HP: 10/10 MP: 6/6
   453 | D:1      | Reached XP level 2. HP: 15/15 MP: 5/8
   923 | D:1      | Found a snail-covered altar of Cheibriados.
  1030 | D:1      | Slain by a leopard gecko

Illustrated notes

Levels and vault maps discovered:
D:1:      scummos_arrival_checkerplants, layout_basic, cheibriados_altar_1

Skill      XL: |  1  2 |
---------------+-------+-----
Dodging        | 3 |  3.0
Stealth        | |  2.4
Spellcasting   | |  3.6
Summonings     | |  4.7

Action                   || total
-------------------------++-------
Melee: Unarmed           ||    15
       Flail             ||    31
 Cast: Summon Small Mamm ||    20
 Stab: Sleeping          ||     1
Armor: Robe              ||    14
Dodge: Dodged            ||    40

Table legend: (Time is in decaauts)
 A = Elapsed time spent in this place.
 B = Non-inter-level travel time spent in this place.
 C = Inter-level travel time spent in this place.
 D = Time resting spent in this place.
 E = Time spent auto-exploring this place.
 F = Levels seen in this place.
 G = Mean time per level.
                   A        B        C        D        E       F      G
               +--------+--------+--------+--------+--------+-----+--------+
         Total |   1041 |   1041 |      0 |    300 |    535 |   1 | 1041.0 |
       Dungeon |   1041 |   1041 |      0 |    300 |    535 |   1 | 1041.0 |
               +--------+--------+--------+--------+--------+-----+--------+

Top non-repeatable levels by time:
     D:1: 1041 daAuts
